 Dungeon Crawl Stone Soup version 0.28-a0-474-g535839065c (webtiles) character file.

Game seed: 11593469466007847318

8635 Ranzir the Cleaver (level 11, -6/97 HPs)
             Began as a Minotaur Berserker on Sept 15, 2021.
             Was a High Priest of Trog.
             Mangled by an orc warrior (9 damage)
             ... on level 11 of the Dungeon on Sept 16, 2021.
             The game lasted 00:40:49 (11656 turns).

Ranzir the Cleaver (Minotaur Berserker)            Turns: 11656, Time: 00:40:49

Health: -6/97      AC: 16    Str: 25    XL:     11   Next: 12%
Magic:  10/10      EV: 12    Int:  6    God:    Trog [*****.]
Gold:   110        SH:  0    Dex:  6    Spells: 10/10 levels left

rFire   + . .      SeeInvis .   a - +8 mithril axe "Arga" {speed, Will+}
rCold   . . .      Faith    .   (no shield)
rNeg    + . .      Spirit   .   I - +0 steam dragon scales
rPois   .          Reflect  .   (helmet restricted)
rElec   .          Harm     .   K - +0 cloak
rCorr   .          Rampage  .   d - +2 pair of gloves
Will    +....                   y - +1 pair of boots {Fly}
Stlth   +.........              (no amulet)
HPRegen 0.26/turn               g - +4 ring of protection
MPRegen 0.12/turn               N - ring of Satisfaction {rF+ rN+ Int+2 Dex-4}

@: on berserk cooldown, flying, slowed, very slow
A: horns 2, retaliatory headbutt
a: Renounce Religion, Berserk, Trog's Hand, Brothers in Arms


You were on level 11 of the Dungeon.
You worshipped Trog.
Trog was extremely pleased with you.
You visited 1 branch of the dungeon, and saw 11 of its levels.
You also visited: Ossuary and Bailey.

You collected 893 gold pieces.
You spent 783 gold pieces at shops.

Inventory:

Hand Weapons
 a - the +8 mithril axe "Arga" (weapon) {speed, Will+}
   (You acquired it on level 8 of the Dungeon)

   Attacks with this weapon are significantly faster.
   Will:      It increases your willpower.
 b - the +9 heavy crossbow "Sniper" {vorpal, Acc+∞ SInv}
   (You bought it in a shop on level 3 of the Dungeon)

   Any ammunition fired from it inflicts extra damage upon your enemies.
   Any ammunition fired from it never misses its target.
   SInv:      It lets you see invisible.
 r - the +10 zealot's sword {holy, *Rage rN+ EV+3}
   (You found it on level 8 of the Dungeon)

   It has been blessed by the Shining One to cause great damage to the undead
   and demons.
   Whenever the wielder enters a berserk rage, their allies are berserked
   alongside them.
   EV:        It affects your evasion (+3).
   rN:        It protects you from negative energy.
   *Rage:     It lets you go berserk by making a melee attack (+20% chance).
 P - a +1 fustibalus of venom
Missiles
 e - 241 stones
 l - 47 sling bullets
 p - 27 bolts
 q - 75 boomerangs (quivered)
Armour
 d - a +2 pair of gloves (worn)
 u - a +1 chain mail
 y - a +1 pair of boots of flying (worn)
 I - +0 steam dragon scales (worn)
 J - a +0 plate armour
 K - a +0 cloak (worn)
Jewellery
 g - a +4 ring of protection (left hand)
 z - a +6 ring of intelligence
 C - a +6 ring of intelligence
 F - a +4 ring of protection
 G - a +4 ring of evasion
 M - a +6 ring of dexterity
 N - the ring of Satisfaction (right hand) {rF+ rN+ Int+2 Dex-4}
   (You acquired it on level 9 of the Dungeon)

   [ring of positive energy]

   Int:       It affects your intelligence (+2).
   Dex:       It affects your dexterity (-4).
   rF:        It protects you from fire.
   rN:        It protects you from negative energy.
Wands
 h - a wand of polymorph (15)
 k - a wand of flame (18)
 A - a wand of paralysis (14)
 D - a wand of mindburst (21)
Scrolls
 i - a scroll of fear {unknown}
 s - 2 scrolls of enchant weapon
 v - 2 scrolls of identify
 B - 2 scrolls of brand weapon
 H - 4 scrolls of teleportation {unknown}
 L - a scroll of enchant armour
 O - a scroll of fog
Potions
 c - 4 potions of curing
 f - 3 potions of mutation
 j - a potion of attraction
 m - 2 potions of lignification {unknown}
 n - 5 potions of brilliance
 o - 4 potions of heal wounds
 t - 2 potions of haste
 w - 2 potions of might
 x - 2 potions of ambrosia {unknown}
 Q - a potion of berserk rage {unknown}
Miscellaneous
 E - a piece from Xom's chessboard (15/15)


   Skills:
 - Level 9.0 Fighting
 + Level 13.4 Axes
 - Level 0.4 Slings
 + Level 11.4 Crossbows
 + Level 4.0 Armour
 + Level 3.6 Dodging


You had 10 spell levels left.
You didn't know any spells.
Your spell library contained the following spells:

 Spells                   Type           Power      Damage    Failure   Level
 Apportation              Tloc           0%         N/A       45%         1
 Freeze                   Ice            0%         1d3       45%         1
 Sandblast                Erth           0%         2d4       45%         1
 Slow                     Hex            0%         N/A       58%         2
 Dazzling Flash           Conj/Hex       0%         N/A       83%         3
 Frozen Ramparts          Ice            0%         1d2       83%         3
 Mephitic Cloud           Conj/Pois/Air  0%         N/A       83%         3
 Vampiric Draining        Necr           0%         2d6       83%         3
 Cause Fear               Hex            0%         N/A       99%         4
 Hailstorm                Conj/Ice       0%         3d3       99%         4
 Agony                    Necr           0%         N/A       100%        5
 Alistair's Intoxication  Tmut/Pois      0%         N/A       100%        5
 Silence                  Hex/Air        0%         N/A       100%        5
 Invisibility             Hex            0%         N/A       100%        6
 Necromutation            Tmut/Necr      0%         N/A       100%        8
 Shatter                  Erth           0%         3d5*      100%        9


Dungeon Overview and Level Annotations

Branches:
Dungeon (11/15)            Temple (0/1) D:7            Lair (0/6) D:11
    Orc (0/2) D:10        Ossuary (visited)          Bailey (visited)

Altars:
Dithmenos
Fedhas
Gozag
Kikubaaqudgha
Trog
Zin
Beogh

Shops:
D:3 (:[   D:4 *

Annotations:
D:3 Ijyb


Innate Abilities, Weirdness & Mutations

You have a pair of horns on your head.
You reflexively headbutt those who attack you in melee.


Message History

The seven-headed hydra grows two more!
You slice the nine-headed hydra!!
The nine-headed hydra is moderately wounded.
You slash the orc warrior! The nine-headed hydra bites you.
* * * LOW HITPOINT WARNING * * *
The nine-headed hydra bites you but does no damage.
The nine-headed hydra completely misses you.
The nine-headed hydra bites you but does no damage. x2
The nine-headed hydra bites you.
* * * LOW HITPOINT WARNING * * *
The nine-headed hydra bites you.
* * * LOW HITPOINT WARNING * * *
The nine-headed hydra bites you but does no damage.
The nine-headed hydra bites you.
* * * LOW HITPOINT WARNING * * *
A red film seems to cover your vision as you go berserk!
You feel yourself moving faster!
You feel mighty!
The orc no longer looks unusually strong.
The orc warrior closely misses you.
The orc warrior hits you but does no damage.
The nine-headed hydra misses you.
The nine-headed hydra closely misses you.
The nine-headed hydra bites you.
* * * LOW HITPOINT WARNING * * *
The nine-headed hydra bites you but does no damage. x3
The nine-headed hydra misses you.
The nine-headed hydra bites you but does no damage. x2
You feel a strong urge to attack something.
The orc warrior misses you. The orc warrior barely misses you.
The orc warrior no longer looks unusually strong. x2
The orc warrior barely misses you. You furiously retaliate!
You headbutt the orc warrior.
You feel your anger nearly subside.
You are no longer berserk.
You are exhausted.
You feel yourself slow down. The orc hits you but does no damage. x2
You slash the orc!
You kill the orc!
Trog accepts your kill.
You closely miss the orc. You slash the orc warrior! x3
The orc warrior hits you with a +0 glaive!
You die...

########### ##
#.........# ..+
#.........# #.#
#.........##..#
#.........#..#
#.........'.#
+......ooD###
#.....o@o.#
######>)###
##..#####
#.o.....#
#+####
#.......#


.ooooo #####.......# .[ $oyo..###...'.......# ####....... .oooooooo.###.......+
....PP..... .yoooo##### #.......##P.....P.... You could see a nine-headed hydra,
4 orc warriors and an orc.

Vanquished Creatures
  A two-headed ogre (D:9)
  An orc knight (D:9)
  A cyclops (D:9)
  Maurice (D:9)
  Maggie (D:9)
  An unseen horror (D:10)
  2 trolls
  2 shadows
  5 yaks (D:11)
  A basilisk (D:11)
  2 wyverns (D:11)
  Eustachio (D:4)
  3 water moccasins
  An ice beast (D:6)
  9 orc warriors
  3 sky beasts
  2 ogres
  5 centaurs
  2 phantoms
  A kobold brigand (D:10)
  2 bullfrogs
  3 scorpions
  A wyvern zombie (D:8)
  A water moccasin skeleton (D:4)
  10 killer bees
  4 wights (D:8)
  A centaur zombie (D:10)
  2 hounds
  A jelly (D:4)
  2 orc priests
  2 human zombies (Ossuary)
  3 iguanas
  Terence (D:3)
  9 orc wizards
  Natasha (thrice) (D:2)
  2 killer bee zombies
  5 mummies
  A hound zombie (Ossuary)
  3 howler monkey zombies (D:9)
  3 gnolls (Bailey)
  6 adders
  2 shadow imps (D:7)
  2 white imps (D:5)
  An ufetubus (D:7)
  An adder skeleton (D:5)
  A worm (D:3)
  2 dart slugs
  36 orcs
  4 endoplasms
  13 goblins
  5 hobgoblins
  2 quokkas (D:1)
  6 ball pythons
  2 bats
  3 frilled lizards
  A hobgoblin zombie (Ossuary)
  3 jackal zombies (Ossuary)
  26 kobolds
  2 kobold zombies (Ossuary)
  2 orc zombies (Ossuary)
  8 rats
  A rat zombie (Ossuary)
233 creatures vanquished.

Vanquished Creatures (others)
  A fungus (D:11)
  16 plants
17 creatures vanquished.

Grand Total: 250 creatures vanquished

Notes
Turn   | Place    | Note
-------+----------+-------------------------------------------
     0 | D:1      | Ranzir the Minotaur Berserker began the quest for the Orb.
     0 | D:1      | Reached XP level 1. HP: 19/19 MP: 0/0
   126 | D:1      | Reached XP level 2. HP: 27/27 MP: 1/1
   255 | D:1      | Reached skill level 4 in Axes
   324 | D:1      | Got the Papyrus of the Dozen Stories
   815 | D:2      | Reached XP level 3. HP: 26/33 MP: 2/2
  1437 | D:2      | Noticed Natasha
  1444 | D:2      | Killed Natasha
  1444 | D:2      | Reached ** piety under Trog
  1453 | D:2      | Found a faded altar of an unknown god.
  1456 | D:2      | Reached XP level 4. HP: 35/41 MP: 3/3
  1667 | D:2      | Noticed Natasha
  1678 | D:2      | Killed Natasha
  1679 | D:2      | Reached skill level 5 in Fighting
  1679 | D:2      | Reached skill level 5 in Axes
  2212 | D:2      | Noticed Natasha
  2219 | D:2      | Killed Natasha
  2319 | D:3      | Noticed Terence
  2335 | D:3      | Killed Terence
  2336 | D:3      | Reached XP level 5. HP: 25/48 MP: 4/4
  2673 | D:3      | Found Bufare's Armour Shoppe.
  2700 | D:3      | Noticed Ijyb
  2700 | D:3      | Noticed a black bear
  2853 | D:3      | Found Bucw's Weapon Shop.
  2921 | D:3      | Found Zoepekh's Book Emporium.
  3242 | D:4      | Reached skill level 1 in Crossbows
  3401 | D:4      | Found a bloodstained altar of Trog.
  3447 | D:4      | Identified the +8 quarterstaff "Elleova" {spect, *Rage MP+9
                  | Dex-5}
  3695 | D:4      | Identified the +0 pair of gloves of Polish {Regen+ Int+4}
  3700 | D:4      | Reached XP level 6. HP: 56/57 MP: 5/5
  3743 | D:4      | Got the Disquisition on Unholy Venom
  3771 | D:4      | Found Ipetoxoe's Assorted Antiques.
  3868 | D:4      | Noticed Eustachio
  3877 | D:4      | Killed Eustachio
  3878 | D:4      | Reached skill level 6 in Axes
  4237 | D:5      | Entered Level 5 of the Dungeon
  4595 | D:5      | Reached XP level 7. HP: 64/64 MP: 5/6
  4831 | D:5      | Reached skill level 7 in Axes
  5745 | D:6      | Reached XP level 8. HP: 74/74 MP: 6/7
  5914 | D:6      | Found a glowing silver altar of Zin.
  6480 | D:6      | Reached skill level 8 in Axes
  6717 | D:7      | Reached skill level 5 in Crossbows
  6812 | D:7      | Found a staircase to the Ecumenical Temple.
  6878 | D:7      | You fall into a shaft and drop 1 floor!
  6884 | D:8      | Identified a scroll of acquirement
  6884 | D:8      | Acquired the +8 mithril axe "Arga" {speed, Will+}
  6884 | D:8      | Found the +8 mithril axe "Arga" {speed, Will+}
  6938 | D:8      | Found the +10 zealot's sword {holy, *Rage rN+ EV+3}
  6961 | D:8      | Found a sand-covered staircase.
  6967 | Ossuary  | Entered an ossuary
  6974 | Ossuary  | Reached *** piety under Trog
  7213 | D:8      | Reached skill level 9 in Axes
  7261 | D:8      | Found a flagged portal.
  7312 | Bailey   | Entered a bailey
  7341 | Bailey   | Reached XP level 9. HP: 48/83 MP: 8/8
  7345 | Bailey   | Reached **** piety under Trog
  7642 | Bailey   | Identified the +4 war axe of Wakum {drain, *Rage *Slow
                  | rElec rPois}
  7855 | D:8      | Reached skill level 10 in Axes
  8063 | D:8      | Found a shadowy altar of Dithmenos.
  8086 | D:8      | Found a blossoming altar of Fedhas.
  8375 | D:7      | Found an opulent altar of Gozag.
  8747 | D:9      | Found an ancient bone altar of Kikubaaqudgha.
  8776 | D:9      | Reached skill level 11 in Axes
  9070 | D:9      | Noticed a two-headed ogre
  9078 | D:9      | Killed a two-headed ogre
  9079 | D:9      | Reached XP level 10. HP: 75/91 MP: 9/9
  9166 | D:9      | Noticed Maggie
  9177 | D:9      | Killed Maggie
  9183 | D:9      | Found a runed translucent door.
  9210 | D:9      | Noticed an orc knight
  9228 | D:9      | Reached ***** piety under Trog
  9232 | D:9      | Killed an orc knight
  9233 | D:9      | Reached skill level 12 in Axes
  9344 | D:9      | Noticed Maurice
  9345 | D:9      | Paralysed by Maurice for 3 turns
  9355 | D:9      | Killed Maurice
  9356 | D:9      | Reached skill level 10 in Crossbows
  9747 | D:9      | Noticed a cyclops
  9764 | D:9      | Killed a cyclops
 10373 | D:9      | Acquired the ring of Satisfaction {rF+ rN+ Int+2 Dex-4}
 10375 | D:9      | Acquired a +1 pair of boots of flying
 10448 | D:10     | Entered Level 10 of the Dungeon
 10448 | D:10     | Found a staircase to the Orcish Mines.
 10758 | D:10     | Reached skill level 13 in Axes
 10973 | D:3      | Bought the +9 heavy crossbow "Sniper" {vorpal, Acc+∞ SInv}
                  | for 783 gold pieces
 10973 | D:3      | Found the +9 heavy crossbow "Sniper" {vorpal, Acc+∞ SInv}
 11374 | D:11     | Reached XP level 11. HP: 95/97 MP: 10/10
 11535 | D:11     | Found a staircase to the Lair.
 11630 | D:11     | Noticed an orc knight
 11649 | D:11     | Noticed an eight-headed hydra
 11652 | D:11     | HP: 3/145 [nine-headed hydra (6)]
 11656 | D:11     | Mangled by an orc warrior

Illustrated notes

Levels and vault maps discovered:
D:1:      dpeg_arrival_water_temple_mockup, layout_loops_ring
D:2:      layout_loops_corners, shapermc_ecumenical_altar_totnotflames,
          kennysheep_generic_room_16, uniq_natasha
D:3:      layout_loops_ring, serial_shops, shop, nicolae_square_shop, shop,
          serial_bayou_lake_a, uniq_terence, uniq_ijyb
D:4:      layout_loops_cross, kennysheep_little_box, serial_shops,
          nicolae_square_shop, uniq_eustachio
D:5:      layout_layer_cave
D:6:      layout_cave_pods, mainiacjoe_overflow_chevrons, hangedman_decor_push
D:7:      layout_rooms, nicolae_gozag_cash_rules_everything_around_me,
          minmay_temple_entry_mist
D:8:      layout_cave_pools, mainiacjoe_overflow_two_lobes,
          gup_ossuary_entry_pyramid, enter_bailey_5, serial_bayou_pond_e
D:9:      layout_layer_cave, lemuel_crystal_altar, lightli_church_of_beogh,
          uniq_maurice, uniq_maggie
D:10:     layout_rooms, orc_0_dummy
D:11:     layout_roguey [special_room_orc], minmay_lair_entry_grove,
          doesnt_xom_only_xom

Skill      XL: |  1  2  3  4  5  6  7  8  9 10 11 |
---------------+----------------------------------+-----
Axes           | 4 5 6 7 9 11 13 | 13.4
Fighting       | 4 5 6 7 9 |  9.0
Crossbows      | 1 3 4 6 9 11 | 11.4
Armour         | 3 4 |  4.0
Dodging        | 3 |  3.6
Slings         | |  0.4

Action                   |  1- 3 |  4- 6 |  7- 9 | 10-12 || total
-------------------------+-------+-------+-------+-------++-------
Melee: Hand axe          |    59 |    45 |       |       ||   104
       Headbutt          |    11 |    17 |    23 |    25 ||    76
       Quarterstaff      |       |     7 |    31 |       ||    38
       Unarmed           |       |     1 |       |       ||     1
       Broad axe         |       |       |   102 |   123 ||   225
 Fire: Hunting sling     |     3 |    62 |    65 |       ||   130
       Fustibalus        |       |       |    20 |     4 ||    24
       Heavy crossbow    |       |       |       |     7 ||     7
Throw: Stone             |    22 |       |     2 |       ||    24
       Boomerang         |       |       |    11 |    37 ||    48
Invok: Berserk           |       |     1 |       |     1 ||     2
       Trog's Hand       |       |       |     1 |       ||     1
Evoke: Wand              |       |       |     4 |     4 ||     8
  Use: Scroll            |       |       |    18 |     4 ||    22
       Potion            |       |       |     1 |     1 ||     2
 Stab: Paralysed         |       |       |       |     4 ||     4
Armor: Animal skin       |    19 |    10 |       |       ||    29
       Chain mail        |       |     9 |    94 |    11 ||   114
       Steam dragon scal |       |       |       |    42 ||    42
Dodge: Dodged            |    38 |    32 |    66 |    39 ||   175

Table legend: (Time is in decaauts)
 A = Elapsed time spent in this place.
 B = Non-inter-level travel time spent in this place.
 C = Inter-level travel time spent in this place.
 D = Time resting spent in this place.
 E = Time spent auto-exploring this place.
 F = Levels seen in this place.
 G = Mean time per level.
                   A        B        C        D        E       F      G
               +--------+--------+--------+--------+--------+-----+--------+
         Total |  11700 |  10567 |   1133 |    300 |   8447 |  13 |  900.0 |
       Dungeon |  11028 |   9895 |   1133 |    107 |   8237 |  11 | 1002.5 |
       Ossuary |    239 |    239 |      0 |      0 |    185 |   1 |  239.0 |
        Bailey |    432 |    432 |      0 |    193 |     25 |   1 |  432.0 |
               +--------+--------+--------+--------+--------+-----+--------+

Top non-repeatable levels by time:
     D:9: 1781 daAuts
     D:5: 1443 daAuts
     D:2: 1431 daAuts
     D:6: 1196 daAuts
     D:4: 1066 daAuts
     D:3: 976 daAuts
     D:1: 885 daAuts
     D:8: 692 daAuts
     D:7: 674 daAuts
    D:10: 530 daAuts
  Bailey: 432 daAuts
    D:11: 351 daAuts
 Ossuary: 239 daAuts
